Map: 공허의 출격

Players

테라진

  • Race: Protoss Protoss
  • Spawn Location: 6:00

펜타네스트

  • Race: Terran Terran
  • Spawn Location: 6:00

VOD

Have the link to the VOD?

Description

Time

  • Played on: Nov. 12, 2017, 1:27 a.m.
  • Length: 27:14
Show
View Real Time Build Order
Export as new Build Order

테라진 Protoss 

Build Orders:  

Get SALT Encoding   

  12  0:02  Probe (Chrono Boost)  
  13  0:13  Dark Pylon  
  13  0:16  Probe (Chrono Boost)  
  14  0:30  Probe (Chrono Boost)  
  14  0:37  Gateway  
  15  0:44  Probe (Chrono Boost)  
  16  0:54  Assimilator  
  16  0:59  Probe (Chrono Boost)  
  16  1:07  Assimilator  
  17  1:13  Probe (Chrono Boost)  
  18  1:27  Pylon, Probe (Chrono Boost)  
  19  1:41  Probe (Chrono Boost)  
  19  1:45  Cybernetics Core  
  20  1:55  Probe (Chrono Boost)  
  21  2:07  Pylon  
  21  2:09  Probe (Chrono Boost)  
  22  2:22  Probe (Chrono Boost)  
  23  2:36  Twilight Council, Probe (Chrono Boost), Warp Gate  
  24  2:50  Probe (Chrono Boost)  
  25  3:04  Probe (Chrono Boost)  
  26  3:17  Nexus  
  26  3:18  Probe (Chrono Boost)  
  27  3:26  Assimilator  
  27  3:29  Assimilator  
  27  3:40  Dark Shrine  
  27  3:50  Gateway  
  27  3:55  Probe (Chrono Boost)  
  28  4:09  Probe (Chrono Boost)  
  28  4:12  Pylon  
  28  4:17  Blink (Chrono Boost)  
  29  4:23  Shadow Fury (Chrono Boost)  
  29  4:24  Probe  
  30  4:37  Dark Templar  
  32  4:41  Probe  
  33  4:55  Gateway  
  33  5:02  Gateway  
  33  5:13  Dark Templar  
  33  5:15  Probe  
  36  5:29  Probe  
  36  5:37  Stalker  
  39  5:41  Phase Reactor  
  39  5:43  Probe  
  40  5:57  Probe  
  40  6:01  Stalker  
  40  6:09  Dark Templar  
  45  6:11  Probe  
  46  6:22  Stalker x2  
  50  6:33  Dark Templar Blink (Chrono Boost)  
  50  6:39  Gateway  
  50  6:40  Gateway  
  50  7:02  Pylon  
  50  7:03  Stalker  
  50  7:04  Stalker x2  
  50  7:06  Pylon  
  56  7:10  Stalker  
  56  7:12  Pylon  
  58  7:34  Forge  
  58  7:35  Forge  
  58  7:40  Gateway  
  58  7:42  Gateway  
  58  7:48  Stalker  
  60  7:53  Stalker  
  62  8:39  Void Stasis (Chrono Boost), Protoss Ground Weapons Level 1 (Chrono Boost)  
  62  8:40  Protoss Shields Level 1 (Chrono Boost)  
  62  8:51  Dark Templar  
  62  8:52  Dark Templar x3  
  62  8:53  Dark Templar x2  
  74  9:27  Pylon  
  72  10:02  Stalker, Photon Cannon  
  72  10:03  Stalker x3  
  72  10:04  Photon Cannon, Dark Templar x4  
  72  10:07  Photon Cannon  
  88  10:23  Pylon  
  88  10:37  Dark Templar x2  
  88  10:38  Stalker  
  94  11:09  Pylon  
  94  11:13  Pylon  
  94  11:16  Pylon  
  94  11:37  Stalker x2  
  94  11:38  Stalker x5  
  94  11:39  Stalker  
  106  12:10  Dark Templar  
  106  12:11  Dark Templar x4  
  106  12:13  Stalker x2  
  106  13:08  Dark Templar x3  
  106  13:09  Stalker, Dark Templar  
  112  13:10  Stalker x3  
  118  13:30  Pylon  
  118  13:45  Pylon  
  118  13:53  Pylon  
  118  13:59  Dark Templar  
  120  14:00  Dark Templar x3  
  120  14:01  Stalker x4  
  134  14:10  Protoss Ground Weapons Level 2 (Chrono Boost)  
  134  14:13  Protoss Shields Level 2 (Chrono Boost)  
  132  15:00  Photon Cannon  
  132  15:02  Photon Cannon  
  132  15:06  Photon Cannon  
  132  15:11  Photon Cannon  
  132  15:33  Photon Cannon  
  132  16:15  Stalker x3  
  132  16:16  Stalker x4  
  132  16:17  Stalker  
  146  16:25  Photon Cannon  
  146  16:29  Photon Cannon  
  146  16:52  Pylon  
  146  17:06  Dark Pylon  
  146  17:12  Stalker  
  146  17:13  Stalker x4  
  146  17:14  Stalker  
  158  17:42  Dark Templar x2  
  158  17:46  Dark Templar  
  158  17:47  Dark Templar x2  
  160  18:20  Dark Pylon  
  160  18:29  Stalker x3  
  166  18:30  Stalker x2  
  164  18:48  Stalker x2  
  164  18:49  Stalker  
  166  18:59  Photon Cannon  
  166  19:01  Photon Cannon  
  166  19:08  Photon Cannon  
  166  19:10  Photon Cannon  
  166  19:27  Stalker  
  166  19:28  Stalker x2  
  166  19:29  Stalker  
  174  19:32  Pylon  
  174  19:36  Pylon  
  174  19:44  Protoss Air Weapons Level 1 (Chrono Boost)  
  174  19:51  Stargate x2  
  174  19:56  Stargate  
  170  20:14  Stargate  
  170  20:18  Pylon  
  170  20:35  Photon Cannon  
  170  20:37  Photon Cannon  
  170  20:39  Photon Cannon  
  168  20:43  Photon Cannon  
  168  20:45  Pylon  
  166  20:54  Pylon  
  166  20:56  Fleet Beacon  
  166  20:58  Pylon  
  166  20:59  Corsair x2 (Chrono Boost)  
  166  21:05  Corsair (Chrono Boost)  
  172  21:21  Photon Cannon  
  172  21:23  Photon Cannon  
  172  21:27  Photon Cannon  
  172  21:29  Corsair (Chrono Boost)  
  174  21:32  Corsair x2 (Chrono Boost)  
  178  22:00  Corsair (Chrono Boost)  
  178  22:03  Corsair (Chrono Boost)  
  178  22:07  Corsair (Chrono Boost)  
  178  22:08  Corsair (Chrono Boost)  
  186  22:32  Photon Cannon  
  186  22:43  Photon Cannon  
  174  22:51  Corsair (Chrono Boost)  
  174  22:54  Corsair x2 (Chrono Boost), Stealth Drive (Chrono Boost)  
  174  22:55  Corsair (Chrono Boost)  
  178  23:43  Photon Cannon  
  178  23:46  Photon Cannon  
  172  24:09  Corsair  
  170  24:15  Corsair x2  
  170  24:16  Corsair  
  176  24:38  Corsair  
  178  24:50  Corsair  
  182  25:01  Dark Templar x3  
  182  25:02  Dark Templar  
  162  25:26  Dark Templar x3  
  119  26:21  Corsair  
  112  26:33  Stalker x3  
  112  26:34  Stalker  
Show
View Real Time Build Order
Export as new Build Order

펜타네스트 Terran 

Build Orders:  

Get SALT Encoding   

  12  0:07  SCV  
Tags
 
Add a new tag
Caveats
  • Supply blocks, unpowered buildings, or Contaminate may cause inaccurate times.
  • Supply counts are checked every 10 seconds.